 Dungeon Crawl Stone Soup version 0.23.2 (webtiles) character file.

Game seed: 9322219086949111844

100832 lysyklops the Tortoise (level 16, -13/108 HPs)
             Began as a Gargoyle Fighter on Mar 31, 2019.
             Was the Champion of Nemelex Xobeh.
             Mangled by a sun demon (18 damage)
             ... summoned by the player character
             ... on level 3 of the Spider Nest.
             The game lasted 01:01:31 (18662 turns).

lysyklops the Tortoise (Gargoyle Fighter)          Turns: 18662, Time: 01:01:33

Health: -13/108    AC: 22    Str: 27    XL:     16   Next: 28%
Magic:  23/23      EV:  7    Int: 15    God:    Nemelex Xobeh [******]
Gold:   993        SH: 15    Dex: 16    Spells: 15/15 levels left

rFire    . . .     SeeInvis +   D - +10 flail of the Pariah {crush, *Drain Dex+2 SInv}
rCold    . . .     Gourm    .   V - +2 shield
rNeg     + + +     Faith    .   j - +2 plate armour {rPois}
rPois    ∞         Spirit   .   n - +0 helmet
rElec    +         Reflect  .   (no cloak)
rCorr    .         Harm     +   R - +0 pair of gloves
MR       ++...                  J - +2 pair of boots of the Shore {*Corrode rN+++ Regen+ Str+2}
Stlth    ..........             s - amulet of harm
HPRegen  0.68/turn              h - +5 ring of dexterity
MPRegen  0.18/turn              B - ring "Picazxer" {*Contam +Blink MR+ Int+4}

@: corroded, flying
A: big wings, negative energy resistance 1, electricity resistance, unbreathing,
petrification resistance, rot immunity, AC +12
a: Stop Flying, Draw Escape, Draw Destruction, Draw Summoning, Triple Draw, Deal
Four, Stack Five, Renounce Religion, Evoke Blink


You were on level 3 of the Spider Nest.
You worshipped Nemelex Xobeh.
Nemelex Xobeh was exalted by your worship.
You were not hungry.

You visited 4 branches of the dungeon, and saw 23 of its levels.

You collected 3036 gold pieces.
You spent 2043 gold pieces at shops.

Inventory:

Hand Weapons
 D - the +10 flail of the Pariah (weapon) {crush, *Drain Dex+2 SInv}
   (You found it on level 6 of the Dungeon)

   It inflicts extra damage upon your enemies.
   It affects your dexterity (+2).
   It lets you see invisible.
   It causes draining when unequipped.
Armour
 j - a +2 plate armour of poison resistance (worn)
 n - a +0 helmet (worn)
 J - the +2 pair of boots of the Shore (worn) {*Corrode rN+++ Regen+ Str+2}
   (You found it on level 11 of the Dungeon)

   It affects your strength (+2).
   It renders you almost immune to negative energy.
   It increases your rate of regeneration.
   It may corrode you when you take damage.
 R - a +0 pair of gloves (worn)
 V - a +2 shield (worn)
Jewellery
 h - a +5 ring of dexterity (left hand)
 l - an uncursed ring of stealth
 s - an amulet of harm (around neck)
 x - an uncursed ring of see invisible
 y - a +2 ring of protection
 z - an uncursed ring of wizardry
 B - the ring "Picazxer" (right hand) {*Contam +Blink MR+ Int+4}
   (You bought it in a shop on level 11 of the Dungeon)

   [ring of protection from magic]

   It affects your intelligence (+4).
   It affects your resistance to hostile enchantments.
   It lets you blink.
   It causes magical contamination when unequipped.
 N - an uncursed ring of ice
 Q - an uncursed ring of protection from fire
 S - an uncursed ring of magical power
 T - an uncursed ring of protection from cold
Wands
 b - a wand of flame (48)
 E - a wand of clouds (9)
 G - a wand of digging (9)
 H - a wand of acid (17)
 K - a wand of random effects (15)
 M - a wand of polymorph (6)
 O - a wand of enslavement (17)
Scrolls
 a - 8 scrolls of remove curse
 c - 3 scrolls of enchant armour
 g - 4 scrolls of amnesia
 p - 6 scrolls of teleportation
 q - 4 scrolls of magic mapping
 u - 5 scrolls of enchant weapon
 w - 2 scrolls of immolation
 C - 8 scrolls of identify
 L - 2 scrolls of fear
 U - a scroll of vulnerability
 X - a scroll of fog
Potions
 d - 5 potions of might
 e - 10 potions of curing
 i - a potion of degeneration
 k - 4 potions of flight
 m - 2 potions of magic
 o - 3 potions of invisibility
 r - 5 potions of lignification
 t - 2 potions of agility
 v - 6 potions of haste
 A - 4 potions of heal wounds
 F - 3 potions of berserk rage
 I - 3 potions of brilliance
 P - a potion of cancellation
Comestibles
 f - 35 rations


   Skills:
 + Level 15.0 Fighting
 + Level 13.8 Maces & Flails
 * Level 16.1 Armour
 + Level 11.8 Shields
 - Level 10.0 Invocations
 - Level 5.0 Evocations


You had 15 spell levels left.
You didn't know any spells.
Your spell library contained the following spells:

 Spells                   Type           Power        Failure   Level  Hunger
 Flame Tongue             Conj/Fire      #....        94%         1    ##.....
 Poisonous Vapours        Pois/Air       #.....       98%         2    ###....
 Throw Flame              Conj/Fire      #.....       98%         2    ###....
 Conjure Flame            Conj/Fire      #.......     100%        3    ####...
 Dazzling Spray           Conj/Hex       #.....       100%        3    ####...
 Inner Flame              Hex/Fire       #.......     100%        3    ####...
 Mephitic Cloud           Conj/Pois/Air  #.......     100%        3    ####...
 Spider Form              Tmut/Pois      #.........   100%        3    ####...
 Ice Form                 Ice/Tmut       #.......     100%        4    #####..
 Sticky Flame             Conj/Fire      #.......     100%        4    #####..
 Fireball                 Conj/Fire      #.........   100%        5    ######.
 Metabolic Englaciation   Hex/Ice        #.........   100%        5    ######.
 Bolt of Cold             Conj/Ice       #.........   100%        6    #######
 Freezing Cloud           Conj/Ice/Air   #.........   100%        6    #######
 Ozocubu's Refrigeration  Ice            #.........   100%        6    #######
 Simulacrum               Ice/Necr       #.........   100%        6    #######


Dungeon Overview and Level Annotations

Branches:
Dungeon (12/15)            Temple (0/1) D:4            Lair (6/6) D:8
  Swamp (0/4) Lair:3       Spider (2/4) Lair:4        Slime (0/5) Lair:5
    Orc (2/2) D:12            Elf (0/3) Orc:2

Altars:
Ashenzari
Fedhas
Gozag
Kikubaaqudgha
Nemelex Xobeh
Trog
Zin
The Shining One

Shops:
D:11 ((=   Orc:2 }!*==


Innate Abilities, Weirdness & Mutations

You are resistant to torment.
Your stone body is resilient. (AC +12)
You are immune to poison.
Your large and strong wings let you fly indefinitely.
You resist negative energy. (rN+)
You are resistant to electric shocks. (rElec)
You can survive without breathing.
You are immune to petrification.
You are immune to rotting.


Message History

The demonic crawler is severely wounded.
The redback misses your rakshasa.
Your rakshasa hits the demonic crawler with a +0 long sword!!
The demonic crawler dies!
You hit the sun demon.
The sun demon is lightly wounded.
The redback barely misses your rakshasa.
You barely miss the sun demon.
The sun demon is lightly wounded.
The redback bites your rakshasa but does no damage.
The sun demon closely misses you.
Your rakshasa hits the sun demon but does no damage.
You hit the sun demon but do no damage.
The sun demon is lightly wounded.
The redback closely misses your rakshasa.
The sun demon hits you!!
* * * LOW HITPOINT WARNING * * *
You are engulfed in flames!
You die...
Your body glows slightly and disappears.

. #... .# $..##
.#....# .....%#
#.....# ####^...#
########.....^#
##....##..†^..##
#.....@##^†#..^#
#..###3.#s.#.^..#
#...#.R.#.s##..##
#.†.##s†.†## ###
#..####..##
#..†..####
##.....##
##..#..##
####...#


You could see a sun demon, a redback and a friendly rakshasa.

Vanquished Creatures
  Nikola (Spider:3)
  Agnes (Spider:2)
  An orc warlord (D:11)
  An emperor scorpion (Spider:3)
  An entropy weaver (Spider:3)
  Nessos (Lair:5)
  A spark wasp (Spider:1)
  Snorg (Orc:1)
  4 hydras
  Fannar (D:12)
  An ice dragon (Lair:6)
  13 two-headed ogres
  An ogre mage (Orc:2)
  A shock serpent (Orc:2)
  Sonja (Orc:1)
  7 orb spiders
  A harpy (Orc:2)
  13 wolf spiders
  2 lindwurms (Lair:6)
  3 orc knights
  An ugly thing (D:11)
  An orc sorcerer (Orc:1)
  Maurice (D:10)
  A moth of wrath (Spider:1)
  10 black mambas
  5 torpor snails (Lair:6)
  A guardian serpent (Lair:6)
  10 spiny frogs
  2 centaur skeletons (D:11)
  A rime drake (Lair:5)
  A kobold demonologist (D:11)
  6 demonic crawlers
  10 komodo dragons
  8 trolls
  2 queen bees
  13 jumping spiders
  3 polar bears
  3 tyrant leeches (Lair:6)
  10 hornets
  8 blink frogs
  14 dream sheep
  4 bog bodies (Lair:3)
  8 hippogriffs
  31 redbacks
  A spriggan (Lair:1)
  9 tarantellas
  8 wyverns
  40 yaks
  A basilisk (Orc:2)
  A fire bat (Orc:2)
  2 fire elementals (Orc:2)
  2 hogs
  3 hungry ghosts
  2 golden eyes (Orc:2)
  A steam dragon (Lair:5)
  A swamp worm (Lair:3)
  Menkaure (D:4)
  21 wargs
  A naga (Lair:6)
  Edmund (D:4)
  5 soldier ants
  14 water moccasins
  2 hell hounds (Orc:2)
  11 porcupines
  2 eyes of draining
  19 orc warriors
  5 necrophages (Lair:3)
  5 sky beasts
  4 ice beasts
  2 phantoms
  3 tengu
  21 ogres
  A boggart (Lair:6)
  9 crocodiles
  6 centaurs
  2 big kobolds (D:12)
  14 bullfrogs
  6 gnoll sergeants (D:12)
  A water moccasin skeleton (D:7)
  3 scorpions
  4 howler monkeys
  5 electric eels
  2 crimson imps
  3 hounds
  A bullfrog zombie (D:9)
  3 jellies
  14 orc priests
  16 orc wizards
  4 bullfrog skeletons
  4 iguanas
  An iron imp (D:6)
  9 worker ants
  A worker ant zombie (D:9)
  Robin (D:3)
  9 gnolls
  2 howler monkey skeletons (D:5)
  10 adders
  2 shadow imps
  An ufetubus (D:5)
  An adder skeleton (D:8)
  2 worms
  4 dart slugs
  7 leopard geckos
  82 orcs
  3 bats
  2 giant cockroaches
  18 goblins
  6 hobgoblins
  6 jackals
  4 kobolds
  4 quokkas
  3 frilled lizards
  A jackal zombie (D:5)
  3 rats
  2 fungi
  11 plants
691 creatures vanquished.

Vanquished Creatures (collateral kills)
  Azrael (Orc:2)
  Josephine (Orc:2)
  2 wolf spiders
  An orb spider (Spider:2)
  A black mamba (Lair:6)
  A spiny frog (Lair:6)
  A demonic crawler (Spider:3)
  3 jumping spiders (Spider:2)
  A tarantella (Spider:2)
  3 wraiths (Orc:2)
  3 redbacks
  A yak (D:10)
  An ice beast (D:9)
  3 ogres (Orc:2)
  A centaur (D:4)
  An orc wizard (Orc:2)
  2 gnolls (Orc:2)
  4 orcs
  2 goblins (D:3)
  A kobold (D:3)
  A ball python (D:2)
  A bat (D:2)
36 creatures vanquished.

Vanquished Creatures (others)
  2 two-headed ogres (Orc:2)
  A hornet (Lair:6)
  A wyvern (Lair:6)
  3 yaks (Lair:3)
  3 redbacks (Spider:2)
  2 tarantellas
  A warg (D:11)
  5 orc warriors
  An ogre (Orc:2)
  6 centaurs (D:11)
  2 orc priests
  4 orc wizards (Orc:2)
  4 ball lightnings
  19 orcs
  3 fungi
  6 plants
63 creatures vanquished.

Grand Total: 790 creatures vanquished

Notes
Turn   | Place    | Note
-------+----------+-------------------------------------------
     0 | D:1      | lysyklops the Gargoyle Fighter began the quest for the Orb.
     0 | D:1      | Reached XP level 1. HP: 14/14 MP: 1/1
   204 | D:1      | Reached XP level 2. HP: 18/19 MP: 2/2
   302 | D:1      | Found a sparkling altar of Nemelex Xobeh.
   339 | D:1      | Became a worshipper of Nemelex Xobeh the Trickster
   428 | D:1      | Reached XP level 3. HP: 22/23 MP: 3/3
   547 | D:1      | Received a gift from Nemelex Xobeh
   970 | D:2      | Reached * piety under Nemelex Xobeh
  1174 | D:2      | Found a blossoming altar of Fedhas.
  1588 | D:3      | Received a gift from Nemelex Xobeh
  1665 | D:3      | Reached XP level 4. HP: 29/29 MP: 4/4
  1851 | D:3      | Noticed Robin
  1865 | D:3      | Killed Robin
  1877 | D:3      | Noticed a vampire mosquito
  1878 | D:3      | Reached skill level 4 in Armour
  1954 | D:3      | Reached skill level 1 in Invocations
  2157 | D:3      | Reached XP level 5. HP: 31/33 MP: 5/5
  2230 | D:3      | Found a bloodstained altar of Trog.
  2254 | D:4      | Noticed a centaur
  2264 | D:4      | Killed a centaur
  2302 | D:4      | Noticed Edmund
  2322 | D:4      | Killed Edmund
  2322 | D:4      | Reached XP level 6. HP: 35/39 MP: 7/7
  2348 | D:4      | Noticed Menkaure
  2361 | D:4      | Killed Menkaure
  2361 | D:4      | Reached XP level 7. HP: 12/44 MP: 8/8
  2735 | D:4      | Reached skill level 5 in Fighting
  2735 | D:4      | Reached skill level 5 in Shields
  2743 | D:4      | Reached skill level 5 in Armour
  3058 | D:4      | Found a staircase to the Ecumenical Temple.
  3241 | D:4      | Reached ** piety under Nemelex Xobeh
  3393 | D:5      | Entered Level 5 of the Dungeon
  3506 | D:5      | Received a gift from Nemelex Xobeh
  3697 | D:5      | Reached XP level 8. HP: 41/50 MP: 10/10
  4598 | D:6      | Reached skill level 5 in Maces & Flails
  4598 | D:6      | Reached skill level 6 in Armour
  4616 | D:6      | Found an ancient bone altar of Kikubaaqudgha.
  4617 | D:6      | Received a gift from Nemelex Xobeh
  4619 | D:6      | Found a glowing golden altar of the Shining One.
  4619 | D:6      | Found an opulent altar of Gozag.
  4621 | D:6      | Found a sparkling altar of Nemelex Xobeh.
  4622 | D:6      | Found a glowing silver altar of Zin.
  4622 | D:6      | Noticed Blork the orc
  4626 | D:6      | Noticed Blork
  4626 | D:6      | Blork the orc changed into Blork the jelly
  4632 | D:6      | Killed Blork the jelly
  4708 | D:6      | Found a shattered altar of Ashenzari.
  4719 | D:6      | Reached skill level 5 in Invocations
  4719 | D:6      | Reached XP level 9. HP: 49/56 MP: 12/12
  4821 | D:6      | Reached *** piety under Nemelex Xobeh
  5043 | D:6      | Got an ancient flail
  5044 | D:6      | Identified the +10 flail of the Pariah {crush, *Drain Dex+2
                  | SInv} (You found it on level 6 of the Dungeon)
  5154 | D:7      | Found a bloodstained altar of Trog.
  5266 | D:7      | Received a gift from Nemelex Xobeh
  5629 | D:8      | Found a staircase to the Lair.
  5651 | D:8      | Reached skill level 7 in Armour
  6304 | D:9      | Noticed a troll
  6307 | D:9      | Noticed a polar bear
  6307 | D:9      | a troll changed into a polar bear
  6308 | D:9      | Reached **** piety under Nemelex Xobeh
  6313 | D:9      | Killed a polar bear
  6644 | D:9      | Noticed a two-headed ogre
  6663 | D:9      | Killed a two-headed ogre
  6663 | D:9      | Reached skill level 8 in Armour
  6663 | D:9      | Reached XP level 10. HP: 30/64 MP: 13/15
  7286 | D:10     | Entered Level 10 of the Dungeon
  7339 | D:10     | Noticed Maurice
  7368 | D:10     | Killed Maurice
  7448 | D:10     | Identified the Grimoire of Captivating Venom
  7811 | D:10     | Reached skill level 9 in Armour
  8053 | D:11     | Received a gift from Nemelex Xobeh
  8056 | D:11     | Got a pair of scorched boots
  8068 | D:10     | Identified the +2 pair of boots of the Shore {*Corrode
                  | rN+++ Regen+ Str+2} (You found it on level 11 of the
                  | Dungeon)
  8144 | Lair:1   | Entered Level 1 of the Lair of Beasts
  8161 | Lair:1   | Reached XP level 11. HP: 59/71 MP: 17/17
  8275 | Lair:1   | Noticed a seven-headed hydra
  8281 | Lair:1   | Killed a seven-headed hydra
  8359 | Lair:1   | Received a gift from Nemelex Xobeh
  8423 | Lair:1   | Reached skill level 10 in Fighting
  8756 | Lair:2   | Reached skill level 10 in Armour
  8825 | Lair:2   | Reached ***** piety under Nemelex Xobeh
  9084 | Lair:2   | Received a gift from Nemelex Xobeh
  9504 | Lair:3   | Received a gift from Nemelex Xobeh
  9687 | Lair:3   | You fall through a shaft!
  9712 | Lair:4   | Reached XP level 12. HP: 73/79 MP: 19/19
  9751 | Lair:4   | Received a gift from Nemelex Xobeh
  9797 | Lair:3   | Reached skill level 10 in Invocations
 10097 | Lair:3   | Reached skill level 11 in Armour
 10302 | Lair:3   | Received a gift from Nemelex Xobeh
 10390 | Lair:3   | Found a staircase to the Swamp.
 10501 | Lair:3   | Reached skill level 10 in Maces & Flails
 10979 | Lair:4   | Got a shimmering chain mail
 10990 | Lair:4   | Identified the +4 chain mail "Wyefyed" {Int+2} (You found
                  | it on level 4 of the Lair of Beasts)
 11304 | Lair:4   | Found a hole to the Spider Nest.
 11728 | Lair:5   | Found a staircase to the Slime Pits.
 11736 | Lair:5   | Received a gift from Nemelex Xobeh
 11813 | Lair:5   | Reached ****** piety under Nemelex Xobeh
 11910 | Lair:5   | Received a gift from Nemelex Xobeh
 11935 | Lair:5   | Reached skill level 12 in Armour
 12088 | Lair:5   | Reached XP level 13. HP: 86/86 MP: 20/20
 12191 | Lair:5   | Noticed Nessos
 12197 | Lair:5   | Killed Nessos
 12464 | Lair:5   | Received a gift from Nemelex Xobeh
 12672 | Lair:6   | Entered Level 6 of the Lair of Beasts
 13154 | Lair:6   | Found a runed translucent door.
 13155 | Lair:6   | Noticed an ice dragon
 13218 | Lair:6   | Reached skill level 13 in Armour
 13392 | Lair:6   | Gained mutation: Your large and strong wings let you fly
                  | indefinitely. [Gargoyle growth]
 13392 | Lair:6   | Reached XP level 14. HP: 82/94 MP: 21/21
 14078 | D:11     | Received a gift from Nemelex Xobeh
 14337 | D:11     | Received a gift from Nemelex Xobeh
 14500 | D:11     | Found Deqeneuni's Jewellery Boutique.
 14508 | D:11     | Bought the ring "Picazxer" {*Contam +Blink MR+ Int+4} for
                  | 459 gold pieces
 14565 | D:11     | Received a gift from Nemelex Xobeh
 14729 | D:11     | Noticed an orc warlord
 14733 | D:11     | Killed an orc warlord
 14735 | D:11     | Reached skill level 1 in Evocations
 14776 | D:11     | Got a brightly glowing mace
 14777 | D:11     | Identified the +5 mace of Urhal {venom, Str+3} (You found
                  | it on level 11 of the Dungeon)
 14886 | D:11     | Found Jeluisopna's Antique Weapon Shop.
 14912 | D:11     | Reached skill level 10 in Shields
 14916 | D:11     | Bought an iridescent morningstar for 234 gold pieces
 14916 | D:11     | Identified the +5 morningstar of the Establishment {freeze,
                  | MP-9 Str+3 Dex+3 SInv} (You bought it in a shop on level 11
                  | of the Dungeon)
 14982 | D:11     | Found Rybo Raz's Antique Weapon Shoppe.
 15192 | D:12     | Reached skill level 14 in Armour
 15283 | D:12     | Noticed Fannar
 15302 | D:12     | Killed Fannar
 15436 | D:12     | Identified the ring of Kuxuili {rC+ Str+5 Slay+3}
 15498 | D:12     | Received a gift from Nemelex Xobeh
 15501 | D:12     | Found a staircase to the Orcish Mines.
 15832 | Orc:1    | Entered Level 1 of the Orcish Mines
 15838 | Orc:1    | Noticed Sonja
 15840 | Orc:1    | Killed Sonja
 15852 | Orc:1    | Noticed Snorg
 15873 | Orc:1    | Killed Snorg
 16337 | Orc:2    | Entered Level 2 of the Orcish Mines
 16392 | Orc:2    | Found a staircase to the Elven Halls.
 16414 | Orc:2    | Received a gift from Nemelex Xobeh
 16440 | Orc:2    | Reached XP level 15. HP: 100/100 MP: 22/22
 16446 | Orc:2    | Found Vicij's Gadget Shoppe.
 16446 | Orc:2    | Found Nakuw's Distillery.
 16472 | Orc:2    | Noticed Azrael
 16498 | Orc:2    | Killed Azrael
 16501 | Orc:2    | Noticed Josephine
 16508 | Orc:2    | Killed Josephine
 16621 | Orc:2    | Found Cediw's Jewellery Emporium.
 16621 | Orc:2    | Found Kenymn's General Store.
 16652 | Orc:2    | Bought a potion of cancellation for 80 gold pieces
 16652 | Orc:2    | Bought a potion of berserk rage for 50 gold pieces
 16652 | Orc:2    | Bought a potion of curing for 30 gold pieces
 16652 | Orc:2    | Bought a potion of heal wounds for 50 gold pieces
 16652 | Orc:2    | Bought a potion of might for 40 gold pieces
 16652 | Orc:2    | Bought a potion of haste for 100 gold pieces
 16652 | Orc:2    | Bought a potion of haste for 100 gold pieces
 16652 | Orc:2    | Bought a potion of heal wounds for 50 gold pieces
 16664 | Orc:2    | Reached skill level 15 in Armour
 16702 | Orc:2    | Found Nodghimy's Jewellery Shoppe.
 16710 | Orc:2    | Bought an uncursed ring of protection from fire for 425
                  | gold pieces
 16710 | Orc:2    | Bought an uncursed ring of protection from cold for 425
                  | gold pieces
 17010 | Orc:2    | Received a gift from Nemelex Xobeh
 17438 | Spider:1 | Entered Level 1 of the Spider Nest
 17928 | Spider:1 | Received a gift from Nemelex Xobeh
 18146 | Spider:2 | Noticed Agnes
 18159 | Spider:2 | Killed Agnes
 18165 | Spider:2 | Reached skill level 5 in Evocations
 18306 | Spider:2 | Reached XP level 16. HP: 86/107 MP: 23/23
 18362 | Spider:2 | You are sucked into a shaft!
 18399 | Spider:3 | Noticed Nikola
 18410 | Spider:3 | Killed Nikola
 18510 | Spider:3 | Received a gift from Nemelex Xobeh
 18573 | Spider:3 | Reached skill level 16 in Armour
 18624 | Spider:3 | Reached skill level 15 in Fighting
 18662 | Spider:3 | HP: 5/108 [sun demon[the player character] (21)]
 18662 | Spider:3 | Mangled by a sun demon

Skill      XL: |  1  2  3  4  5  6  7  8  9 10 11 12 13 14 15 16 |
---------------+-------------------------------------------------+-----
Shields        | 4 5 6 8 10 11 | 11.8
Fighting       | 4 5 6 8 9 10 12 13 14 15 | 15.0
Armour         | 4 5 6 8 9 10 12 13 14 15 16 | 16.1
Invocations    | 1 2 3 5 6 8 9 10 | 10.0
Maces & Flails | 3 4 5 7 8 9 11 12 13 | 13.8
Evocations     | 2 5 |  5.0

Action                   |  1- 3 |  4- 6 |  7- 9 | 10-12 | 13-15 | 16-18 || total
-------------------------+-------+-------+-------+-------+-------+-------++-------
Melee: Flail             |    59 |     9 |   250 |   392 |   796 |   114 ||  1620
       Whip              |    28 |    75 |       |       |       |       ||   103
       Dire flail        |       |       |    45 |       |       |       ||    45
Invok: Deal Four         |       |       |       |       |     1 |       ||     1
 Abil: Draw Destruction  |     8 |     4 |    19 |     8 |    57 |     3 ||    99
       Draw Summoning    |     1 |     6 |     1 |     1 |     3 |     1 ||    13
       Draw Escape       |       |     1 |     2 |       |       |       ||     3
       Fly               |       |       |       |       |     1 |       ||     1
  Use: Scroll            |       |       |    10 |     6 |    13 |       ||    29
       Potion            |       |       |       |       |     4 |     2 ||     6
 Stab: Distracted        |       |       |       |     1 |       |       ||     1
       Held in net/web   |       |       |       |       |       |     1 ||     1
  Eat: Ration            |     1 |       |       |     3 |     2 |       ||     6
       Chunk             |       |     1 |    13 |    12 |    14 |     2 ||    42
Armor: Scale mail        |    28 |       |       |       |       |       ||    28
       Plate armour      |    24 |    57 |   195 |   288 |   578 |   111 ||  1253
Dodge: Dodged            |    19 |    14 |    67 |   141 |   192 |    36 ||   469
Block: Shield            |    40 |    39 |    97 |    21 |   578 |   111 ||   886
